 Dungeon Crawl Stone Soup version 0.31-a0-152-g6aa68a64a1 (webtiles) character file.

Game seed: 12646094038729571054

260 qw the Shooter (level 6, -4/56 HPs)
             Began as a Naga Hunter on June 10, 2023.
             Slain by Blork the orc
             ... wielding a +0 trident
              (8 damage)
             ... on level 4 of the Dungeon.
             The game lasted 00:00:57 (2782 turns).

qw the Shooter (Naga Hunter)                        Turns: 2782, Time: 00:00:58

Health: -4/56      AC:  4    Str: 14    XL:     6   Next: 17%
Magic:  6/6        EV:  9    Int:  9    God:
Gold:   157        SH:  0    Dex: 16    Spells: 5/5 levels left

rFire   . . .        Y - +0 orcbow
rCold   . . .        (shield currently unavailable)
rNeg    . . .        c - +0 leather armour
rPois   +            g - +0 helmet
rElec   .            (no cloak)
rCorr   .            (no gloves)
SInv    +            (no barding)
Will    .....        (no amulet)
Stlth   ++           (no ring)
HPRegen 0.29/turn    (no ring)
MPRegen 0.10/turn

%: no passive effects
@: very slow
A: AC +2, large, see invisible, deformed body, poison resistance, slowness 2,
spit poison 1, naga tail 1
a: Spit Poison


You were on level 4 of the Dungeon.
You visited 1 branch of the dungeon, and saw 4 of its levels.

You collected 157 gold pieces.


Innate Abilities, Weirdness & Mutations

Your serpentine skin is tough. (AC +2)
You have supernaturally acute eyesight. (SInv)
Armour fits poorly on your strangely shaped body.
Your system is resistant to poisons. (rPois)
You cover ground very slowly.
You can spit poison.
You have a snake-like lower body.


   Skills:
 + Level 3.2 Fighting
 - Level 6.1 Ranged Weapons
 - Level 1.5 Dodging
 - Level 1.5 Stealth


You had 5 spell levels left.
You didn't know any spells.
Your spell library was empty.

Inventory:

Hand Weapons
 Y - a +0 orcbow (weapon)
Armour
 c - a +0 leather armour (worn)
 g - a +0 helmet (worn)
Scrolls
 a - a scroll of identify
Potions
 d - a potion of heal wounds
 e - 2 potions of curing
 f - a potion of magic {unknown}

Dungeon Overview and Level Annotations

Branches:
Dungeon (4/15)
 Temple: D:4-7

Altars:

Shops:
D:2 (([

Annotations:
D:3 1 runed translucent door, qw's ghost, weakling NaHu
D:4 Blork the orc


Message History

You shoot an arrow. The arrow hits Blork the orc.
Blork the orc is lightly wounded.
Blork the orc hits you from afar with a +0 trident.
You shoot an arrow. The arrow hits Blork the orc.
Blork the orc is moderately wounded.
Blork the orc points at you and mumbles some strange words.
The puff of flame hits you.
You shoot an arrow. The arrow barely misses Blork the orc.
You have got your breath back.
Blork the orc closely misses you.
2777 ||| INVOKING Spit Poison.
Aiming: Spit Poison (1% risk of failure)
Press: ? - help, Shift-Dir - straight line, f/p - Blork the orc The splash of poison misses Blork the orc.
Blork the orc hits you from afar with a +0 trident.
You shoot an arrow. The arrow barely misses Blork the orc.
Blork the orc hits you from afar with a +0 trident.
Blork the orc hits you from afar with a +0 trident!
You shoot an arrow. The arrow closely misses Blork the orc.
Blork the orc hits you from afar with a +0 trident.
Enter note:
2780 ||| READING scroll labelled FIPPIT URIYKE.
The air fills with toxic fumes!
As you read the scroll labelled FIPPIT URIYKE, it crumbles to dust.
It was a scroll of poison.
You have got your breath back.
Blork the orc hits you from afar with a +0 trident.
Enter note:
Enter note: A goblin and a kobold come into view.
Blork the orc screams, "I'll break your arms!"
Blork the orc hits you with a +0 trident.
The kobold moves out of view.
Enter note:
Enter note:
Enter note: Blork the orc attacks as you move away!
Blork the orc hits you with a +0 trident!
Blork the orc hits you from afar with a +0 trident!
You die...

#)...##.# #.##¤#
....>##.####.##¤#
.######......##¤#
## #########¤#
#¤# . #¤# ... #.#
....K#¤###
.....go¤@.#
.....¤#¤#¤#
....¤¤#¤#¤# ...¤¤
#¤#.# ..¤¤¤ #¤#.#
.¤¤¤ #¤#.# ####
#.#.# #. .#


You could see Blork the orc, a goblin and a kobold.

Vanquished Creatures
  Natasha (thrice) (D:3)
  Terence (D:3)
  4 gnolls (D:3)
  5 adders
  A worm (D:3)
  2 dart slugs (D:2)
  13 ball pythons
  5 bats
  2 endoplasms (D:1)
  7 goblins
  13 hobgoblins
  A jackal (D:1)
  A quokka (D:1)
  6 frilled lizards
  6 kobolds
  4 rats
74 creatures vanquished.

Notes
Turn   | Place    | Note
-------+----------+-------------------------------------------
     0 | D:1      | qw the Naga Hunter began the quest for the Orb.
     0 | D:1      | Reached XP level 1. HP: 19/19 MP: 1/1
     0 | D:1      | 0 ||| qw: Version: 0.2-a-122-gbc61b45
     0 | D:1      | 0 ||| qw: Game counter: 3678
     0 | D:1      | 0 ||| qw: Always use a shield: true
     0 | D:1      | 0 ||| qw: God list: Okawaru
     0 | D:1      | 0 ||| qw: Allow faded altars: false
     0 | D:1      | 0 ||| qw: Do Orc after D:15 true
     0 | D:1      | 0 ||| qw: Do second Lair branch before Depths: true
     0 | D:1      | 0 ||| qw: Lair rune preference: random
     0 | D:1      | 0 ||| qw: Plans: Normal
     0 | D:1      | 0 ||| PLANNING D:1-11
    33 | D:1      | 33 ||| INVOKING Spit Poison.
    49 | D:1      | 49 ||| INVOKING Spit Poison.
    56 | D:1      | 56 ||| INVOKING Spit Poison.
    61 | D:1      | 61 ||| INVOKING Spit Poison.
    67 | D:1      | 67 ||| INVOKING Spit Poison.
    67 | D:1      | HP: 4/19 [ball python (2)]
    69 | D:1      | HP: 1/19 [ball python (3)]
    71 | D:1      | Reached skill level 4 in Ranged Weapons
    71 | D:1      | Reached XP level 2. HP: 2/26 MP: 2/2
   196 | D:1      | 196 ||| INVOKING Spit Poison.
   238 | D:1      | 238 ||| INVOKING Spit Poison.
   243 | D:1      | 243 ||| INVOKING Spit Poison.
   248 | D:1      | 248 ||| INVOKING Spit Poison.
   303 | D:1      | 303 ||| INVOKING Spit Poison.
   308 | D:1      | 308 ||| INVOKING Spit Poison.
   314 | D:1      | 314 ||| INVOKING Spit Poison.
   318 | D:1      | 318 ||| INVOKING Spit Poison.
   322 | D:1      | 322 ||| INVOKING Spit Poison.
   327 | D:1      | 327 ||| INVOKING Spit Poison.
   331 | D:1      | Reached XP level 3. HP: 32/32 MP: 3/3
   366 | D:1      | 366 ||| INVOKING Spit Poison.
   372 | D:1      | 372 ||| INVOKING Spit Poison.
   375 | D:1      | 375 ||| INVOKING Spit Poison.
   418 | D:1      | 418 ||| INVOKING Spit Poison.
   421 | D:1      | 421 ||| INVOKING Spit Poison.
   467 | D:1      | 467 ||| INVOKING Spit Poison.
   558 | D:1      | 558 ||| INVOKING Spit Poison.
   564 | D:1      | 564 ||| INVOKING Spit Poison.
   608 | D:1      | 608 ||| UPGRADING to +0 helmet.
   613 | D:1      | 613 ||| READING 2 scrolls labelled RENOIPS POUWKO.
   614 | D:1      | 614 ||| READING scroll labelled XEXIJA NUSO.
   615 | D:1      | 615 ||| READING scroll labelled IMOUTO HEEPIN.
   616 | D:1      | 616 ||| READING scroll labelled YRHOKUIJUA.
   617 | D:1      | 617 ||| DROPPING scroll of butterflies.
   628 | D:2      | 628 ||| INVOKING Spit Poison.
   642 | D:2      | 642 ||| INVOKING Spit Poison.
   670 | D:2      | 670 ||| INVOKING Spit Poison.
   673 | D:2      | 673 ||| INVOKING Spit Poison.
   677 | D:2      | 677 ||| INVOKING Spit Poison.
   678 | D:2      | 678 ||| INVOKING Spit Poison.
   681 | D:2      | 681 ||| INVOKING Spit Poison.
   722 | D:2      | 722 ||| INVOKING Spit Poison.
   734 | D:2      | Found Icobiwk's Antique Weapon Boutique.
   782 | D:2      | Found Egusurudu's Antique Weapon Shoppe.
   785 | D:2      | 785 ||| SHOPLISTING runed shortbow (156 gold, have 65).
   937 | D:2      | Found Xeleusch's Armour Shop.
   977 | D:2      | 977 ||| INVOKING Spit Poison.
   980 | D:2      | 980 ||| INVOKING Spit Poison.
   983 | D:2      | 983 ||| INVOKING Spit Poison.
   985 | D:2      | Reached skill level 5 in Ranged Weapons
   986 | D:2      | Reached XP level 4. HP: 27/39 MP: 4/4
  1057 | D:2      | 1057 ||| SWAPPING to +0 orcbow.
  1059 | D:2      | 1059 ||| FLEEEEING.
  1065 | D:2      | 1065 ||| INVOKING Spit Poison.
  1072 | D:2      | 1072 ||| DROPPING +0 heavy shortbow.
  1088 | D:2      | Found a faded altar of an unknown god.
  1090 | D:2      | 1090 ||| INVOKING Spit Poison.
  1130 | D:2      | 1130 ||| INVOKING Spit Poison.
  1363 | D:2      | 1363 ||| INVOKING Spit Poison.
  1366 | D:2      | 1366 ||| INVOKING Spit Poison.
  1670 | D:2      | 1670 ||| READING scroll labelled ORUAHUAX GEDY.
  1671 | D:2      | 1671 ||| READING scroll labelled SYRROI BYCHIE.
  1737 | D:3      | 1737 ||| INVOKING Spit Poison.
  1747 | D:3      | 1747 ||| INVOKING Spit Poison.
  1750 | D:3      | 1750 ||| INVOKING Spit Poison.
  1758 | D:3      | Found a runed translucent door.
  1762 | D:3      | Noticed qw's ghost (weakling NaHu)
  1789 | D:3      | 1789 ||| INVOKING Spit Poison.
  1846 | D:3      | 1846 ||| INVOKING Spit Poison.
  1858 | D:3      | 1858 ||| INVOKING Spit Poison.
  1950 | D:3      | 1950 ||| INVOKING Spit Poison.
  1954 | D:3      | 1954 ||| INVOKING Spit Poison.
  1967 | D:3      | 1967 ||| INVOKING Spit Poison.
  1968 | D:3      | Reached skill level 3 in Fighting
  1992 | D:3      | 1992 ||| INVOKING Spit Poison.
  1998 | D:3      | 1998 ||| INVOKING Spit Poison.
  2001 | D:3      | Reached XP level 5. HP: 29/49 MP: 5/5
  2003 | D:3      | 2003 ||| INVOKING Spit Poison.
  2007 | D:3      | 2007 ||| INVOKING Spit Poison.
  2156 | D:3      | Noticed Terence
  2157 | D:3      | 2157 ||| INVOKING Spit Poison.
  2161 | D:3      | Killed Terence
  2162 | D:3      | Noticed Natasha
  2163 | D:3      | 2163 ||| INVOKING Spit Poison.
  2165 | D:3      | Killed Natasha
  2250 | D:3      | Noticed Natasha
  2251 | D:3      | 2251 ||| INVOKING Spit Poison.
  2253 | D:3      | Killed Natasha
  2295 | D:3      | 2295 ||| INVOKING Spit Poison.
  2514 | D:3      | Noticed Natasha
  2519 | D:3      | 2519 ||| INVOKING Spit Poison.
  2523 | D:3      | 2523 ||| INVOKING Spit Poison.
  2524 | D:3      | Killed Natasha
  2525 | D:3      | Reached skill level 6 in Ranged Weapons
  2525 | D:3      | Reached XP level 6. HP: 51/56 MP: 6/6
  2613 | D:3      | 2613 ||| DROPPING amulet of magic regeneration.
  2614 | D:3      | 2614 ||| READING scroll labelled HAEC BUICS.
  2615 | D:3      | 2615 ||| DRINKING 3 yellow potions.
  2616 | D:3      | 2616 ||| READING 3 scrolls of identify.
  2616 | D:3      | 2616 ||| IDENTIFYING cyan potion
  2617 | D:3      | 2617 ||| READING 2 scrolls of identify.
  2617 | D:3      | 2617 ||| IDENTIFYING bubbling purple potion
  2618 | D:3      | 2618 ||| DROPPING potion of degeneration.
  2641 | D:4      | 2641 ||| INVOKING Spit Poison.
  2695 | D:4      | 2695 ||| INVOKING Spit Poison.
  2705 | D:4      | 2705 ||| INVOKING Spit Poison.
  2770 | D:4      | Noticed Blork the orc
  2771 | D:4      | 2771 ||| INVOKING Spit Poison.
  2777 | D:4      | 2777 ||| INVOKING Spit Poison.
  2780 | D:4      | 2780 ||| READING scroll labelled FIPPIT URIYKE.
  2782 | D:4      | HP: 4/56 [Blork the orc/+0 trident (13)]
  2782 | D:4      | Slain by Blork the orc

Levels and vault maps discovered:
D:1:      dpeg_arrival_stone_temple_mockup, layout_basic,
          minmay_misc_feat_plants, minmay_heptomino_d4
D:2:      layout_basic, serial_bayou, serial_bayou_lake_a,
          serial_bayou_lagoon_a, serial_bayou_shore_b, serial_bayou_pond_b,
          shapermc_ecumenical_altar_starsandcircs, serial_shops,
          nicolae_shop_real_fake_doors, nicolae_shop_tiny_real_fake_doors, shop,
          amcnicky_mini_corridor_feature
D:3:      layout_loops_ring, ebering_ghost_reflecting_pool, grunt_ministairs_14,
          uniq_terence, uniq_natasha
D:4:      layout_basic, minmay_temple_entry_nine_rooms, uniq_blork_the_orc

Skill      XL: |  1  2  3  4  5 |
---------------+----------------+-----
Ranged Weapons | 4 5 6 |  6.1
Fighting       | 3 |  3.2
Dodging        | |  1.5
Stealth        | |  1.5

Action                     |  1- 3 |  4- 6 || total
---------------------------+-------+-------++-------
  Melee: Unarmed           |       |     1 ||     1
   Fire: Shortbow          |    71 |     2 ||    73
         Orcbow            |       |    58 ||    58
Ability: Spit Poison       |    33 |    29 ||    62
    Use: Scroll            |     4 |     6 ||    10
         Potion            |       |     1 ||     1
 Armour: Leather armour    |     8 |     3 ||    11
         Skin              |       |     1 ||     1
  Dodge: Dodged            |    19 |    20 ||    39

Table legend:
 A = Non-vault XP
 B = Vault XP
 C = Vault XP percentage of total XP
 D = Non-vault monster count
 E = Vault monster count
 F = Vault count percentage of total count
                 A         B        C        D         E       F
            +---------+---------+-------+---------+---------+-------
      Total |     284 |      88 |  23.7 |      62 |      12 |  16.2
            +---------+---------+-------+---------+---------+-------
        D:1 |      39 |      10 |  20.4 |      24 |       5 |  17.2
        D:2 |      65 |       4 |   5.8 |      16 |       3 |  15.8
        D:3 |     160 |      74 |  31.6 |      17 |       4 |  19.0
        D:4 |      20 |       0 |   0.0 |       5 |       0 |   0.0
            +---------+---------+-------+---------+---------+-------
